 Dungeon Crawl Stone Soup version 0.20-a0-9-g62d82d9 (webtiles) character file.

3570 JeffiDaFish the Blocker (level 10, -2/67 HPs)
             Began as a Gargoyle Fighter on Nov 1, 2016.
             Was an Elder of Makhleb.
             Killed by divine providence
             ... invoked by an orc priest
              (10 damage)
             ... on level 7 of the Dungeon.
             The game lasted 00:23:09 (6861 turns).

JeffiDaFish the Blocker (Gargoyle Fighter)          Turns: 6861, Time: 00:23:09

Health: -2/67      AC: 26    Str: 23    XL:     10   Next: 9%
Magic:  10/10      EV:  8    Int:  8    God:    Makhleb [****..]
Gold:   332        SH: 11    Dex: 10    Spells: 0 memorised, 9 levels left

rFire  . . .     SeeInvis .     a - +4 rapier
rCold  . . .     Gourm    .     y - +0 plate armour
rNeg   + . .     Faith    .     c - +0 shield
rPois  ∞         Spirit   .     v - +2 helmet
rElec  +         Reflect  .     (no cloak)
rCorr  .         Harm     .     (no gloves)
MR     .....                    j - +2 pair of boots
Stlth  ..........               (no amulet)
                                (no ring)
                                (no ring)

@: no status effects
A: repulsion field 1, negative energy resistance 1, sense surroundings 1, robust
1, electricity resistance, unbreathing, petrification resistance, rot immunity,
AC +7
a: Minor Destruction, Lesser Servant of Makhleb, Major Destruction, Renounce
Religion


You were on level 7 of the Dungeon.
You worshipped Makhleb.
Makhleb was greatly pleased with you.
You were not hungry.

You visited 1 branch of the dungeon, and saw 7 of its levels.
You also visited: Sewer and Bailey.

You collected 332 gold pieces.

Inventory:

Hand Weapons
 a - a +4 rapier (weapon)
Armour
 c - a +0 shield (worn)
 j - a +2 pair of boots (worn)
 v - a +2 helmet (worn)
 y - a +0 plate armour (worn)
Wands
 i - a wand of enslavement (16/24)
 u - a wand of polymorph (13/24)
Scrolls
 e - a scroll of blinking
 k - a scroll of teleportation
 m - 2 scrolls of remove curse
 n - 4 scrolls of identify
 s - a scroll of magic mapping
 t - 2 scrolls of fear
Potions
 d - 2 potions of might
 g - 7 potions of curing
 o - a potion of cancellation
 p - 5 potions of magic {unknown}
 w - 2 potions of heal wounds
 x - 2 potions of beneficial mutation {unknown}
Comestibles
 f - 8 bread rations
 h - 4 fruits
 l - 2 slices of pizza
 q - 6 chunks of flesh
 r - 3 meat rations


   Skills:
 + Level 6.3 Fighting
 + Level 8.4 Short Blades
 + Level 5.9 Armour
 + Level 3.4 Dodging
 + Level 1.7 Stealth
 + Level 8.6 Shields
 + Level 0.1 Evocations


You had 9 spell levels left.
You didn't know any spells.

Dungeon Overview and Level Annotations

Branches:
Dungeon (7/15)             Temple (0/1) D:6

Altars:
Dithmenos
Hepliaklqana
Makhleb
Okawaru
Xom

Shops:
D:5 ([:


Innate Abilities, Weirdness & Mutations

You are resistant to torment.
Your stone body is resilient. (AC +7)
You are immune to poison.
You resist negative energy. (rN+)
You are resistant to electric shocks. (rElec)
You can survive without breathing.
You are immune to petrification.
You are immune to rotting.
You are surrounded by a mild repulsion field. (EV +2)
You passively map a small area around you.
You are robust. (+10% HP)


Message History

You puncture the orc warrior!
You kill the orc warrior!
Makhleb accepts your kill.
You feel better. You block the hound's attack. The orc closely misses you.
Your shield and plate armour prevent you from hitting the orc priest.
The hound bites you but does no damage. You block the orc priest's attack.
The orc hits you but does no damage.
You puncture the orc priest!
The orc priest is almost dead.
You block the hound's attack.
The orc priest calls down the wrath of Beogh upon you.
Beogh smites you!
* * * LOW HITPOINT WARNING * * *
The hound bites you but does no damage. The orc hits you but does no damage.
You closely miss the orc priest.
The orc priest is almost dead.
You block the hound's attack.
The orc priest calls down the wrath of Beogh upon you.
Beogh smites you!
You die...

* ..# #.# #####.##
#)# ###......# #)#
,.........# #.# *
***#......# #.# ,
#......###.#
.#######.....!.##.#
......oo....)..##.# ,
......)@........#.#
,,
......h......(#(#.#
..............#...#
,,..............##..#
..............##).# ,
.........).......># *
........#.######### ,
......#8#.#


You could see a hound, an orc priest and an orc.

Vanquished Creatures
  Pikel (D:4)
  The ghost of Qqwix the Chopper, an amateur MiGl (D:4)
  A steam dragon (D:7)
  2 sky beasts
  An ice beast (D:5)
  4 orc warriors
  An ogre (D:7)
  A centaur (D:6)
  A big kobold (D:7)
  2 gnoll sergeants (D:6)
  2 bullfrogs (Sewer)
  A wyvern zombie (D:6)
  2 howler monkeys (D:4)
  4 crimson imps
  A quasit (D:5)
  A bullfrog zombie (D:6)
  5 orc priests
  A hound (D:3)
  A jelly (D:7)
  2 iguanas
  10 orc wizards
  Natasha (D:3)
  3 worker ants
  A worker ant zombie (D:5)
  17 adders
  27 gnolls
  A river rat (D:4)
  2 shadow imps
  8 oozes (Sewer)
  An adder skeleton (D:3)
  2 worms
  4 dart slugs
  12 leopard geckos
  27 orcs
  10 giant cockroaches
  16 hobgoblins
  9 jackals
  24 kobolds
  2 quokkas
  10 ball pythons
  A ball python skeleton (D:6)
  9 bats
  14 frilled lizards
  10 goblins
  A jackal zombie (D:7)
  A leopard gecko skeleton (D:4)
  A quokka zombie (D:6)
  11 rats
270 creatures vanquished.

Vanquished Creatures (others)
  An orc wizard (D:4)
1 creature vanquished.

Grand Total: 271 creatures vanquished

Notes
Turn   | Place    | Note
-------+----------+-------------------------------------------
     0 | D:1      | JeffiDaFish the Gargoyle Fighter began the quest for the Orb.
     0 | D:1      | Reached XP level 1. HP: 14/14 MP: 1/1
   155 | D:1      | Reached XP level 2. HP: 19/19 MP: 2/2
   536 | D:1      | Reached XP level 3. HP: 22/23 MP: 3/3
   788 | D:2      | Found a shadowy altar of Dithmenos.
   994 | D:2      | Reached XP level 4. HP: 28/29 MP: 4/4
  1568 | D:3      | Gained mutation: You are surrounded by a mild repulsion field. (EV +2) [potion of mutation]
  1568 | D:3      | Gained mutation: You passively map a small area around you. [potion of mutation]
  1568 | D:3      | Gained mutation: You are robust. (+10% HP) [potion of mutation]
  1595 | D:3      | Reached XP level 5. HP: 36/36 MP: 5/5
  1715 | D:3      | Reached skill level 1 in Dodging
  1773 | D:3      | Found a burning altar of Makhleb.
  1777 | D:3      | Reached XP level 6. HP: 40/41 MP: 6/6
  1781 | D:3      | Found a shimmering altar of Xom.
  1791 | D:3      | Became a worshipper of Makhleb the Destroyer
  1802 | D:3      | Found a faded altar of an unknown god.
  2048 | D:3      | Noticed Natasha
  2054 | D:3      | Killed Natasha
  2817 | D:4      | Reached * piety under Makhleb
  2817 | D:4      | Reached skill level 5 in Shields
  2818 | D:4      | Noticed Qqwix's ghost (amateur MiGl)
  2846 | D:4      | Killed Qqwix's ghost
  2846 | D:4      | Reached XP level 7. HP: 5/47 MP: 7/7
  3194 | D:4      | Noticed Pikel
  3221 | D:4      | Killed Pikel
  3221 | D:4      | Reached skill level 5 in Short Blades
  3221 | D:4      | Reached skill level 5 in Armour
  3221 | D:4      | Reached XP level 8. HP: 42/52 MP: 8/8
  3503 | D:4      | Found a glowing drain.
  3508 | Sewer    | Entered a sewer
  3762 | Sewer    | Reached ** piety under Makhleb
  3839 | Sewer    | Reached skill level 5 in Fighting
  4157 | D:5      | Entered Level 5 of the Dungeon
  4178 | D:5      | Found Sikhiet's Weapon Shoppe.
  4312 | D:5      | Found a shimmering altar of Xom.
  4321 | D:5      | Reached XP level 9. HP: 59/59 MP: 9/9
  4348 | D:5      | Found Luluuhorgh's Armour Shop.
  4464 | D:5      | Found Tufiar's Book Boutique.
  5213 | D:6      | Found an iron altar of Okawaru.
  5435 | D:6      | Reached *** piety under Makhleb
  5822 | D:6      | Found a staircase to the Ecumenical Temple.
  5848 | D:6      | Reached skill level 1 in Stealth
  6052 | D:7      | Found a hazy altar of Hepliaklqana.
  6170 | D:7      | Found a flagged portal.
  6312 | Bailey   | Entered a bailey
  6430 | Bailey   | Reached **** piety under Makhleb
  6698 | Bailey   | Reached XP level 10. HP: 66/66 MP: 10/10
  6861 | D:7      | Killed from afar by an orc priest

Vault maps used:
D:1:      onia_arrival_mini_maze_b, minivault_25, minmay_misc_feat_five
D:2:      first_bread, grunt_dithmenos_smoke_and_mirrors
D:3:      grunt_temple_overflow_champion_of_chaos, ecumenical_altar_2,
          uniq_natasha
D:4:      gup_sewer_entry_bowl, feat_on_display, uniq_pikel
D:5:      basic_altar, serial_shops, shop_fountains, shop, shop
D:6:      nicolae_overflow_hidden_temple, okawaru_gym_becter
D:7:      lemuel_mausoleum_altar_yredelemnul, lemuel_coloured_pillars_altar,
          enter_bailey_3, enter_ossuary_3, grunt_livestock,
          uniq_crazy_yiuf_cottage
Sewer:    sewer_frog_island_02
Bailey:   bailey_axe_2, bailey

Skill      XL: |  1  2  3  4  5  6  7  8  9 |
---------------+----------------------------+-----
Short Blades   | 2 3 4 5 6 8 |  8.4
Armour         | 4 5 |  5.9
Shields        | 4 5 6 8 |  8.6
Fighting       | 4 5 6 |  6.3
Dodging        | 1 2 3 |  3.4
Stealth        | 1 |  1.7
Evocations     | |  0.1

Action                   |  1- 3 |  4- 6 |  7- 9 | 10-12 || total
-------------------------+-------+-------+-------+-------++-------
Melee: Rapier            |    96 |   238 |   711 |    67 ||  1112
Evoke: Wand              |       |     1 |       |       ||     1
  Use: Scroll            |    10 |     2 |     4 |       ||    16
       Potion            |     5 |     4 |     3 |       ||    12
 Stab: Distracted        |       |       |     1 |       ||     1
  Eat: Chunk             |       |     7 |    14 |       ||    21
Armor: Scale mail        |    42 |   101 |   318 |       ||   461
       Plate armour      |       |       |     1 |    57 ||    58
Dodge: Dodged            |    27 |   113 |   329 |    23 ||   492
Block: Shield            |    42 |   132 |   464 |    60 ||   698
